 Seeded DCSS version 0.30.1-4-g462c640d31 (webtiles) character file.

Game seed: 5 (custom seed)

11 Kazon the Shield-Bearer (level 2, 0/16 HPs)
             Began as a Vine Stalker Fighter on Aug 24, 2023.
             Slain by a goblin
             ... wielding a +0 dagger
              (2 damage)
             ... on level 1 of the Dungeon.
             The game lasted 00:01:25 (119 turns).

Kazon the Shield-Bearer (Vine Stalker Fighter)       Turns: 119, Time: 00:01:25

Health: 0/16       AC:  6    Str: 18    XL:     2   Next: 25%
Magic:  0/3        EV:  9    Int:  8    God:
Gold:   25         SH:  4    Dex: 13    Spells: 1/1 levels left

rFire   . . .        a - +0 long sword
rCold   . . .        c - +0 buckler
rNeg    . . .        b - +0 scale mail
rPois   .            (no helmet)
rElec   .            (no cloak)
rCorr   .            (no gloves)
SInv    .            (no boots)
Will    .....        (no amulet) Stlth
                     (no ring)
HPRegen 0.22/turn    (no ring)
MPRegen 0.08/turn

%: guardian spirit
@: no status effects
A: fangs 2, magic shield, antimagic bite, no potion heal 2
a: no special abilities


You were on level 1 of the Dungeon.
You visited 1 branch of the dungeon, and saw 1 of its levels.

You collected 25 gold pieces.

Inventory:

Hand Weapons
 a - a +0 long sword (weapon)
Armour
 b - a +0 scale mail (worn)
 c - a +0 buckler (worn)
Scrolls
 e - a scroll of acquirement
 f - a scroll of fog {unknown}
Potions
 d - a potion of might
 g - a potion of magic {unknown}


   Skills:
 + Level 2.9 Fighting
 + Level 1.9 Long Blades
 + Level 2.5 Armour
 + Level 2.9 Shields


You had one spell level left.
You didn't know any spells.
Your spell library was empty.

Dungeon Overview and Level Annotations

Branches:
Dungeon (1/15)

Altars:


Innate Abilities, Weirdness & Mutations

You have extremely sharp teeth.
When hurt, damage is shared between your health and your magic reserves.
Your bite disrupts and absorbs the magic of your enemies.
Potions cannot restore your health.


Message History

The jackal bites you but does no damage.
The jackal closely misses you. The jackal attacks as you move away!
The jackal barely misses you.
You open the large door.
The jackal bites you but does no damage.
The endoplasm hits you but does no damage.
The jackal bites you but does no damage. x2
The jackal attacks as you move away! The jackal misses you.
The goblin attacks as you move away! The goblin barely misses you.
The jackal bites you but does no damage.
The jackal barely misses you.
There is a large open door here.
The jackal attacks as you move away! You block the jackal's attack.
A bat, an endoplasm and a kobold come into view.
The endoplasm quivers.
The bat hits you but does no damage. You block the jackal's attack.
There is a large open door here.
The bat closely misses you. x2
The jackal attacks as you move away! The jackal bites you.
The bat hits you but does no damage. The endoplasm barely misses you.
The bat attacks as you move away! The bat closely misses you.
The bat hits you but does no damage.
The kobold throws a stone.
The stone hits you. The bat closely misses you. You block the jackal's attack.
The jackal bites you but does no damage.
The kobold hits you but does no damage. The bat hits you but does no damage.
The jackal bites you but does no damage. x2
The jackal attacks as you move away! You block the jackal's attack.
The bat hits you but does no damage. The kobold closely misses you.
The jackal bites you but does no damage.
You block the kobold's attack. The bat hits you but does no damage.
The jackal barely misses you.
The kobold hits you with a +0 short sword.
The endoplasm hits you but does no damage.
The jackal closely misses you. The jackal barely misses you.
The kobold attacks as you move away! The kobold barely misses you.
The endoplasm freezes you.
You are frozen.
* * * LOW HITPOINT WARNING * * *
The goblin hits you with a +0 dagger.
You die...

#....+ #....#
#....# #....#
#....# #.b..#
#..K.# #..hJ#
#.hg@#############
#..J.##..........#
#....''..........+
#....##..........#
##...##..........#
#.####..........#
#.# #..........#
#.# #..........#
#.# #.†........#


You could see 2 endoplasms, 2 jackals, a goblin, a bat and a kobold.

Vanquished Creatures
  2 endoplasms (D:1)
  A goblin (D:1)
  5 jackals (D:1)
8 creatures vanquished.

Notes
Turn   | Place    | Note
-------+----------+-------------------------------------------
     0 | D:1      | Kazon the Vine Stalker Fighter began the quest for the Orb.
     0 | D:1      | Reached XP level 1. HP: 11/11 MP: 2/2
    37 | D:1      | Identified a scroll of acquirement
    49 | D:1      | Reached XP level 2. HP: 16/16 MP: 3/3
   119 | D:1      | Slain by a goblin

Illustrated notes

Levels and vault maps discovered:
D:1:      ebering_trefoil_3fold, layout_basic, st_stairs_14, serial_bayou_ford_a

Action                     || total
---------------------------++-------
  Melee: Long sword        ||    24
         Bite              ||     6
 Armour: Scale mail        ||    44
  Dodge: Dodged            ||    41
  Block: Buckler           ||    19
